 Dungeon Crawl Stone Soup version 0.17-a0-1769-g54adf96 (webtiles) character file.

45 wvc the Magician (level 3, 16/26 HPs)
             Began as a Human Wanderer on Sept 7, 2015.
             Was a Follower of Sif Muna.
             Quit the game on level 2 of the Dungeon.
             The game lasted 00:02:24 (1268 turns).

wvc the Magician (Human Wanderer)                   Turns: 1268, Time: 00:02:25

Health: 16/26      AC:  2    Str: 12    XL:     3   Next: 90%
Magic:  7/7        EV: 11    Int: 15    God:    Sif Muna [*.....]
Gold:   103        SH:  0    Dex: 10    Spells: 0 memorised, 8 levels left

rFire  . . .     SeeInvis .     b - +0 spear
rCold  . . .     Clarity  .     d - +0 robe
rNeg   . . .     SustAt   .     (no shield)
rPois  .         Gourm    .     (no helmet)
rElec  .         Spirit   .     (no cloak)
rCorr  .         Warding  .     (no gloves)
rMut   +         Stasis   .     (no boots)
MR     .....                    f - amulet of resist mutation
Stlth  +.........               (no ring)
                                (no ring)

@: not resistant to hostile enchantments, very unstealthy
A: no striking features
a: Channel Energy, Renounce Religion


You were on level 2 of the Dungeon.
You worshipped Sif Muna.
Sif Muna was aware of your devotion.
You were not hungry.

You visited 1 branch of the dungeon, and saw 2 of its levels.

You collected 103 gold pieces.

Inventory:

Hand weapons
 b - a +0 spear (weapon)
Armour
 d - a +0 robe (worn)
Jewellery
 f - an amulet of resist mutation (around neck)
Scrolls
 c - 2 scrolls of teleportation
Potions
 h - a potion of brilliance {unknown}
 k - a potion of poison {unknown}
Miscellaneous
 a - a phial of floods (inert)
Comestibles
 e - 3 bread rations
 g - a meat ration
 i - a slice of pizza


   Skills:
 + Level 1.4 Fighting
 * Level 2.8 Polearms
 + Level 1.1 Dodging
 - Level 1.0 Stealth
 - Level 3.0 Spellcasting
   Level 2.0 Fire Magic
 - Level 2.0 Evocations


You had 8 spell levels left.
You didn't know any spells.

Dungeon Overview and Level Annotations

Branches:
Dungeon (2/15)

Altars:
Sif Muna

Annotations:
D:2 Sigmund


Message History

You now have 90 gold pieces (gained 12).
You now have 103 gold pieces (gained 13).
A quokka comes into view.
Found 2 potions of ambrosia.
You see here a scroll of teleportation.
c - 2 scrolls of teleportation (gained 1)
You hit the quokka.
The quokka is moderately wounded.
The quokka twitches its whiskers.
The quokka barely misses you.
You hit the quokka.
You kill the quokka!
No target in view!
No target in view!
A worm and Sigmund come into view.
Sigmund shouts!
Sigmund casts a spell at you. The magic dart hits you!
Unknown command.
Are you sure you want to abandon this character and quit the game? (Confirm with "yes".)

########.####.#.
#............#..
#.######.####.## #.#
#.####.## #.# #.##..... ###
#.######.##.#.##
..!.########
#.....##.##.#.#
#........#######.##.##.#.#
...#...##..@..............#
#...##..########.##########
=...##....# #.# #.
#.##...##.# #.# #. .#.....
..# #.# #. .#.@# ... #.# #.
.... ....# #.# #. ... ....#
#.# #. .# ....## #.# #.


There were no monsters in sight!

Vanquished Creatures
  A gnoll (D:1)
  An adder (D:2)
  4 giant geckos
  4 hobgoblins (D:1)
  3 bats (D:1)
  3 giant cockroaches (D:1)
  3 giant newts
  A goblin (D:1)
  2 kobolds (D:1)
  A quokka (D:2)
  A rat (D:1)
24 creatures vanquished.

Vanquished Creatures (collateral kills)
  A kobold (D:1)
  A giant newt (D:1)
  A rat (D:1)
3 creatures vanquished.

Grand Total: 27 creatures vanquished

Notes
Turn   | Place    | Note
--------------------------------------------------------------
     0 | D:1      | wvc the Human Wanderer began the quest for the Orb.
     0 | D:1      | wvc set off with: a phial of floods, a +0 spear, a scroll of teleportation, a +0 robe, a bread ration
     0 | D:1      | Reached XP level 1. HP: 15/15 MP: 4/4
   145 | D:1      | Reached XP level 2. HP: 8/21 MP: 6/6
   641 | D:1      | Reached XP level 3. HP: 26/26 MP: 7/7
  1150 | D:2      | Found a faded altar to an unknown god.
  1155 | D:2      | Became a worshipper of Sif Muna the Loreminder
  1155 | D:2      | Acquired Sif Muna's first power
  1185 | D:2      | Reached skill level 1 in Dodging
  1263 | D:2      | Noticed Sigmund
  1268 | D:2      | Quit the game

Vault maps used:
D:1:      dpeg_arrival_rooms_a, st_stairs_1, minivault_14
D:2:      lemuel_crystal_altar, ecumenical_altar_1, first_bread,
          hangedman_decor_peaks_small, uniq_robin, uniq_terence, uniq_sigmund

Action                   || total
-------------------------++-------
Melee: Spear             ||   104
Evoke: Phial of floods   ||     1
  Use: Potion            ||     1
 Stab: Sleeping          ||     2
  Eat: Chunk             ||     1
